 Dungeon Crawl Stone Soup version 0.23.0 (webtiles) character file.

Game seed: 7802569341317505959

15918 LostNumber the Grappler (level 12, -10/122 HPs)
             Began as a Troll Monk on Feb 9, 2019.
             Mangled by a white ugly thing (32 damage)
             ... on level 12 of the Dungeon.
             The game lasted 00:26:30 (11213 turns).

LostNumber the Grappler (Troll Monk)               Turns: 11213, Time: 00:26:31

Health: -10/122    AC: 13    Str: 26    XL:     12   Next: 5%
Magic:  12/12      EV: 11    Int:  9    God:
Gold:   584        SH:  0    Dex: 12    Spells: 11/11 levels left

rFire    x . .     SeeInvis .   o - +7 quarterstaff "Gongosast" {freeze, rElec rF- rN++ Int+3}
rCold    . . .     Gourm    +   (shield currently unavailable)
rNeg     + + +     Faith    .   f - +0 acid dragon scales
rPois    .         Spirit   .   (helmet restricted)
rElec    +         Reflect  .   v - +2 cloak
rCorr    +         Harm     .   (gloves unavailable)
MR       .....                  (boots unavailable)
Stlth    +.........             (no amulet)
HPRegen  0.70/turn              (no ring)
MPRegen  0.13/turn              B - ring of positive energy

@: very slightly contaminated
A: large, unfitting armour, claws 3, fast metabolism 3, gourmand, regeneration
1, shaggy fur 1, tough skin 3
a: no special abilities


You were on level 12 of the Dungeon.
You were not hungry.

You visited 2 branches of the dungeon, and saw 13 of its levels.
You also visited: Bailey.

You collected 702 gold pieces.
You spent 118 gold pieces at shops.

Inventory:

Hand Weapons
 o - the +7 quarterstaff "Gongosast" (weapon) {freeze, rElec rF- rN++ Int+3}
   (You found it on level 6 of the Dungeon)

   It has been specially enchanted to freeze those struck by it, causing extra
   injury to most foes and up to half again as much damage against particularly
   susceptible opponents.
   It can also slow down cold-blooded creatures.
   It affects your intelligence (+3).
   It makes you vulnerable to fire.
   It insulates you from electricity.
   It greatly protects you from negative energy.
 G - the +9 trident of Goehoss {vamp, +Inv rElec rPois Int+2, unknown}
   (You found it on level 7 of the Dungeon)

   It inflicts no extra harm, but heals its wielder when it wounds a living foe.
   It affects your intelligence (+2).
   It insulates you from electricity.
   It protects you from poison.
   It lets you turn invisible.
Missiles
 t - 2 throwing nets (quivered) {!f}
Armour
 a - a +0 robe
 f - +0 acid dragon scales (worn)
   (You found it on level 12 of the Dungeon)
 s - a +0 shield
   (You bought it in a shop on level 4 of the Dungeon)
 v - a +2 cloak (worn)
   (You found it on level 4 of the Dungeon)
 E - a +0 troll leather armour
   (You found it on level 10 of the Dungeon)
Jewellery
 B - a ring of positive energy (right claw)
   (You found it on level 8 of the Dungeon)
Wands
 d - a wand of iceblast (11)
   (You found it on level 7 of the Dungeon)
 p - a wand of polymorph (7)
   (You found it on level 8 of the Dungeon)
 x - a wand of acid (2)
   (You took it off a crimson imp on level 7 of the Dungeon)
 y - a wand of enslavement (31)
   (You found it on level 8 of the Dungeon)
Scrolls
 c - 2 scrolls of blinking
 g - 3 scrolls of amnesia {unknown}
 h - 2 scrolls of fog
 j - 3 scrolls of magic mapping
 k - 4 scrolls of teleportation {@r4}
 q - 2 scrolls of immolation {unknown}
 u - 2 scrolls of enchant weapon {unknown}
 C - 5 scrolls of remove curse {@r2}
Potions
 b - a potion of lignification {!q}
 i - 4 potions of agility {unknown}
 l - a potion of mutation {unknown}
 m - 2 potions of curing {unknown}
 n - 3 potions of heal wounds {@q2}
 r - 3 potions of brilliance
 w - 2 potions of might {unknown}
 z - 2 potions of degeneration {unknown}
 A - 2 potions of resistance {unknown}
 D - a potion of cancellation {unknown}
 F - a potion of invisibility {unknown}
 H - a potion of ambrosia {unknown}
 I - a potion of flight {unknown}
Comestibles
 e - 29 rations {!d}


   Skills:
 + Level 8.7 Fighting
 + Level 6.4 Staves
 - Level 3.7 Dodging
 - Level 1.0 Stealth
 + Level 7.7 Shields
 + Level 11.6 Unarmed Combat
 + Level 2.2 Evocations


You had 11 spell levels left.
You didn't know any spells.
Your spell library contained the following spells:

 Spells                   Type           Power        Failure   Level  Hunger
 Corona                   Hex            #......      45%         1    ##.....
 Magic Dart               Conj           #...         45%         1    ##.....
 Blink                    Tloc           N/A          58%         2    ###....
 Call Imp                 Summ           #.......     58%         2    ###....
 Ensorcelled Hibernation  Hex/Ice        #.....       58%         2    ###....
 Searing Ray              Conj           #.....       58%         2    ###....
 Slow                     Hex            #.......     58%         2    ###....
 Confuse                  Hex            #.......     83%         3    ####...
 Conjure Flame            Conj/Fire      #.......     83%         3    ####...
 Dazzling Spray           Conj/Hex       #.....       83%         3    ####...
 Mephitic Cloud           Conj/Pois/Air  #.......     83%         3    ####...
 Tukima's Dance           Hex            #.......     83%         3    ####...
 Force Lance              Conj/Tloc      #.......     99%         4    #####..
 Fulminant Prism          Conj/Hex       #.........   99%         4    #####..
 Iskenderun's Mystic Bla  Conj           #.......     99%         4    #####..


Dungeon Overview and Level Annotations

Branches:
Dungeon (12/15)            Temple (1/1) D:5             Orc (0/2) D:9
   Lair: D:8-11

Altars:
Ashenzari
Cheibriados
Dithmenos
Elyvilon
Fedhas
Gozag
Hepliaklqana
Kikubaaqudgha
Makhleb
Nemelex Xobeh
Okawaru
Qazlal
Ru
Sif Muna
Trog
Uskayaw
Vehumet
Wu Jian
Xom
Yredelemnul
Zin
The Shining One

Shops:
D:4 (?}[=

Annotations:
D:4 3 runed translucent doors, Raymar's ghost, weakling HuWn


Innate Abilities, Weirdness & Mutations

You are too large for most types of armour.
You have claws for hands.
Your metabolism is lightning-fast.
You like to eat raw meat.
Your natural rate of healing is unusually fast.
You are covered in fur. (AC +1)
You have extremely tough skin. (AC +3)


Message History

You hit the hound but do no damage. The hound bites you but does no damage.
You sock the hound! You freeze the hound!
You kill the hound!
Aim: a white ugly thing The bolt of acid hits the white ugly thing!
The white ugly thing is splashed with acid!
The white ugly thing punches you but does no damage.
You hit the white ugly thing. You freeze the white ugly thing.
The white ugly thing closely misses you.
Aim: a white ugly thing (moderately wounded)
The bolt of acid hits the white ugly thing!
The white ugly thing is splashed with acid.
The white ugly thing closely misses you.
You barely miss the white ugly thing. The white ugly thing punches you.
The white ugly thing freezes you!!
You hit the white ugly thing. The white ugly thing punches you!
The white ugly thing freezes you!!
* * * LOW HITPOINT WARNING * * *
Aim: a white ugly thing (severely wounded)
The bolt of acid hits the white ugly thing!
The white ugly thing is splashed with acid.
The white ugly thing barely misses you.
Unknown command.
You barely miss the white ugly thing. The white ugly thing barely misses you.
Unknown command.
You barely miss the white ugly thing.
The white ugly thing completely misses you.
Unknown command.
Your acid dragon scales prevents you from hitting the white ugly thing.
The white ugly thing punches you!
* * * LOW HITPOINT WARNING * * *
The white ugly thing freezes you!!
* * * LOW HITPOINT WARNING * * *
Unknown command.
Unknown command.
Blink to where?
You are very lightly contaminated with residual magic.
As you read the scroll of blinking, it crumbles to dust.
You close the door.
You start resting.
A white ugly thing opens the door.
You open the door.
There is an open door here.
Unknown command.
Unknown command.
You see here a leather armour.
The white ugly thing punches you.
* * * LOW HITPOINT WARNING * * *
The white ugly thing freezes you!!
You die...

#..≈≈÷#####.......########......
#.≈≈)≈≈## #.......# #...#......
#≈≈≈≈≈≈≈# #.......# #...#...###
##.≈≈≈≈≈####.......####...#...#
#...≈≈>≈..................#.u§#
.....≈≈≈≈##.####..........#...#
....≈≈≈≈≈≈#..##.[.........#...###
.....≈≈≈≈###'##.u.........####...
.....#≈≈##......@.###########....
.....#.###.....##.# ##.....
....##.........##.# ####....#.
....##......#..##.# ##.......##
######......##.##.# ##........#.
.......≈≈≈........# ##....###....
...###≈≈≈≈≈###..#####...)..#.....
...##≈≈≈≈≈≈≈............#..#..#..
..###≈÷≈≈≈≈≈#.#.........#######..


You could see a white ugly thing.

Vanquished Creatures
  4 two-headed ogres
  Nergalle (D:10)
  Pikel (D:6)
  A manticore (D:12)
  A centaur zombie (D:12)
  A guardian serpent (D:9)
  Psyche (D:12)
  2 gargoyles
  A kobold demonologist (D:12)
  A troll (shapeshifter) (D:12)
  4 trolls
  A queen bee (D:8)
  3 slime creatures (D:12)
  2 hippogriffs
  A wraith (D:11)
  A yak (D:12)
  A steam dragon (D:9)
  3 hungry ghosts
  2 acid dragons (D:12)
  5 sky beasts
  3 orc warriors
  3 ice beasts
  A black bear (D:10)
  5 phantoms
  6 ogres
  9 centaurs
  A big kobold (D:12)
  8 bullfrogs
  A gnoll sergeant (D:7)
  A wyvern skeleton (D:11)
  A water moccasin skeleton (D:8)
  2 scorpions
  16 killer bees
  8 howler monkeys
  2 electric eels (D:12)
  7 crimson imps
  A quasit (D:11)
  2 bullfrog zombies
  2 jellies
  2 bullfrog skeletons
  6 hounds
  8 orc priests
  2 centaur skeletons
  4 iguanas
  Natasha (thrice) (D:3)
  8 orc wizards
  6 worker ants
  A killer bee zombie (D:10)
  2 hound zombies
  A howler monkey zombie (D:7)
  12 adders
  11 gnolls
  A shadow imp (D:5)
  An ooze (D:1)
  An adder zombie (D:5)
  An adder skeleton (D:4)
  4 worms
  5 dart slugs
  8 leopard geckos
  33 orcs
  6 giant cockroaches
  13 goblins
  6 hobgoblins
  6 jackals
  5 kobolds
  3 quokkas
  2 ball pythons (D:4)
  6 bats
  3 frilled lizards
  A leopard gecko skeleton (D:4)
  2 rats (D:1)
289 creatures vanquished.

Vanquished Creatures (others)
  An orc warrior (D:6)
  An iguana (D:9)
  An orc wizard (D:6)
  A howler monkey skeleton (D:6)
  2 orcs
6 creatures vanquished.

Grand Total: 295 creatures vanquished

Notes
Turn   | Place    | Note
-------+----------+-------------------------------------------
     0 | D:1      | LostNumber the Troll Monk began the quest for the Orb.
     0 | D:1      | Reached XP level 1. HP: 22/22 MP: 0/0
    62 | D:1      | Reached XP level 2. HP: 26/29 MP: 1/1
   528 | D:1      | Reached XP level 3. HP: 36/36 MP: 2/2
   798 | D:2      | Reached skill level 4 in Unarmed Combat
   864 | D:2      | Reached XP level 4. HP: 44/44 MP: 3/3
  1398 | D:3      | Noticed Natasha
  1410 | D:3      | Killed Natasha
  1508 | D:3      | Reached XP level 5. HP: 48/53 MP: 4/4
  1700 | D:3      | Noticed Natasha
  1720 | D:3      | Killed Natasha
  1749 | D:3      | Noticed Natasha
  1767 | D:3      | Killed Natasha
  1898 | D:4      | Found a sparkling altar of Nemelex Xobeh.
  1910 | D:4      | Found Wuydapueg's Weapon Shoppe.
  1951 | D:4      | Found Ukkauk's Gadget Boutique.
  1952 | D:4      | Found Tahael's Magic Scroll Boutique.
  1958 | D:4      | Reached skill level 5 in Unarmed Combat
  1960 | D:4      | Bought a scroll of identify for 20 gold pieces
  1960 | D:4      | Bought a scroll of magic mapping for 35 gold pieces
  1981 | D:4      | Noticed a phantom
  1983 | D:4      | Found Peceyrch's Jewellery Shoppe.
  1983 | D:4      | Noticed a phantom
  2009 | D:4      | Killed a phantom
  2009 | D:4      | Reached XP level 6. HP: 42/61 MP: 5/5
  2021 | D:4      | Found Ylukhote's Armour Boutique.
  2032 | D:4      | Bought a +0 shield for 63 gold pieces
  2237 | D:4      | Reached skill level 6 in Unarmed Combat
  2244 | D:3      | Reached skill level 1 in Shields
  2244 | D:3      | Reached XP level 7. HP: 31/70 MP: 6/6
  2443 | D:4      | Noticed Raymar's ghost (weakling HuWn)
  2450 | D:4      | Found a runed translucent gate.
  2450 | D:4      | Found a runed translucent gate.
  2452 | D:4      | Found a runed translucent gate.
  2762 | D:5      | Entered Level 5 of the Dungeon
  2788 | D:5      | Reached skill level 7 in Unarmed Combat
  2822 | D:5      | Reached XP level 8. HP: 31/79 MP: 7/7
  3166 | D:5      | Reached skill level 8 in Unarmed Combat
  3219 | D:5      | Reached skill level 5 in Fighting
  3669 | D:5      | Found a staircase to the Ecumenical Temple.
  3907 | Temple   | Entered the Ecumenical Temple
  4188 | D:6      | Got a pitted quarterstaff
  4200 | D:6      | Reached XP level 9. HP: 84/88 MP: 8/8
  4201 | D:6      | Identified the +7 quarterstaff "Gongosast" {freeze, rElec
                  | rF- rN++ Int+3} (You found it on level 6 of the Dungeon)
  4281 | D:6      | Noticed Pikel
  4294 | D:6      | Killed Pikel
  4294 | D:6      | Reached skill level 1 in Staves
  4294 | D:6      | Reached skill level 9 in Unarmed Combat
  4390 | D:6      | Found a white marble altar of Elyvilon.
  4896 | D:7      | You fall through a shaft!
  5312 | D:7      | Reached skill level 5 in Shields
  5420 | D:7      | Found a shadowy altar of Dithmenos.
  5422 | D:7      | Found a sacrificial altar of Ru.
  5425 | D:7      | Found a shattered altar of Ashenzari.
  5425 | D:7      | Found a deep blue altar of Sif Muna.
  5426 | D:7      | Found a burning altar of Makhleb.
  5426 | D:7      | Found a blossoming altar of Fedhas.
  5427 | D:7      | Found a snail-covered altar of Cheibriados.
  5461 | D:7      | Reached XP level 10. HP: 87/100 MP: 9/9
  5701 | D:7      | Got an iridescent trident
  6125 | D:8      | Reached skill level 10 in Unarmed Combat
  6539 | D:8      | Found an opulent altar of Gozag.
  6550 | D:8      | Found a white marble altar of Elyvilon.
  7352 | D:9      | Found an ornate altar of the Wu Jian Council.
  7404 | D:9      | Noticed a deep elf mage
  7411 | D:9      | Noticed a guardian serpent
  7411 | D:9      | a deep elf mage changed into a guardian serpent
  7422 | D:9      | Killed a guardian serpent
  7674 | D:9      | Found a staircase to the Orcish Mines.
  7710 | D:9      | Noticed a two-headed ogre
  8398 | D:10     | Entered Level 10 of the Dungeon
  8490 | D:10     | Noticed a two-headed ogre
  8514 | D:10     | Killed a two-headed ogre
  8558 | D:10     | Found a flagged portal.
  8570 | Bailey   | Entered a bailey
  8657 | D:10     | Noticed a two-headed ogre
  8667 | D:10     | Killed a two-headed ogre
  8667 | D:10     | Reached skill level 5 in Staves
  8667 | D:10     | Reached XP level 11. HP: 97/110 MP: 10/10
  8726 | D:10     | Noticed Nergalle
  8755 | D:10     | Killed Nergalle
  8845 | D:10     | Noticed a two-headed ogre
  8857 | D:10     | Killed a two-headed ogre
  8982 | D:10     | Reached skill level 11 in Unarmed Combat
  9468 | D:8      | Killed a two-headed ogre
  9678 | D:11     | You fall through a shaft!
  9962 | D:12     | Reached skill level 1 in Evocations
 10380 | D:12     | Noticed Psyche
 10518 | D:12     | Killed Psyche
 11024 | D:12     | Reached XP level 12. HP: 84/122 MP: 12/12
 11153 | D:12     | Found a white marble altar of Elyvilon.
 11213 | D:12     | Mangled by a white ugly thing

Skill      XL: |  1  2  3  4  5  6  7  8  9 10 11 |
---------------+----------------------------------+-----
Unarmed Combat | 4 5 6 7 8 9 10 11 | 11.6
Fighting       | 3 4 5 6 7 8 |  8.7
Dodging        | 3 |  3.7
Shields        | 1 2 3 5 6 7 |  7.7
Staves         | 3 5 6 |  6.4
Evocations     | 2 |  2.2
Stealth        | |  1.0

Action                   |  1- 3 |  4- 6 |  7- 9 | 10-12 || total
-------------------------+-------+-------+-------+-------++-------
Melee: Unarmed           |    89 |   139 |   183 |       ||   411
       Punch             |     1 |     4 |     8 |       ||    13
       Quarterstaff      |       |       |   141 |   506 ||   647
Evoke: Wand              |       |       |       |     7 ||     7
  Use: Scroll            |       |     3 |     3 |     5 ||    11
       Potion            |       |       |       |     4 ||     4
 Stab: Sleeping          |     2 |       |     2 |     2 ||     6
  Eat: Chunk             |    13 |    13 |    37 |    52 ||   115
       Ration            |       |       |     1 |       ||     1
Armor: Robe              |    22 |    23 |   103 |   128 ||   276
       Skin              |       |       |       |    30 ||    30
       Acid dragon scale |       |       |       |    59 ||    59
       Troll leather arm |       |       |       |    28 ||    28
Dodge: Dodged            |    39 |    70 |   171 |   295 ||   575
